 Dungeon Crawl Stone Soup version 0.32-a0-391-gce5c0aab1b (webtiles) character file.

Game seed: 5346935375682775818

308 jasper the Chopper (level 6, -1/44 HPs)
             Began as a Coglin Gladiator on Feb 19, 2024.
             Constricted to death by Ijyb (4 damage)
             ... on level 3 of the Dungeon.
             The game lasted 00:03:29 (2647 turns).

jasper the Chopper (Coglin Gladiator)               Turns: 2647, Time: 00:03:30

Health: -1/44      AC:  7    Str: 16    XL:     6   Next: 40%
Magic:  6/6        EV:  7    Int:  8    God:
Gold:   102        SH:  0    Dex: 15    Spells: 5/5 levels left

rFire   . . .        a - +0 war axe {Tiberia}
rCold   . . .        r - +0 flail {María}
rNeg    . . .        s - +0 scale mail
rPois   .            c - +0 helmet
rElec   .            (no cloak)
rCorr   .            (no gloves)
SInv    .            (no boots)
Will    .....        (no amulet) Stlth
                     (no ring)
HPRegen 0.27/turn    (no ring)
MPRegen 0.10/turn

%: no passive effects
@: grasped by roots, constricted, revved, stiff-legged, very slow
A: off-hand wielding, slow wielding, warmup strikes, warmup strides
a: no special abilities


You were on level 3 of the Dungeon.
You visited 1 branch of the dungeon, and saw 3 of its levels.

You collected 102 gold pieces.

Inventory:

Hand Weapons
 a - a +0 war axe (weapon) {Tiberia}
 l - a +0 mace {Jingyi}
 r - a +0 flail (worn) {María}
Missiles
 d - a throwing net
 e - 7 javelins
 k - 25 stones (quivered)
 w - 4 boomerangs
Armour
 b - a +0 leather armour
 c - a +0 helmet (worn)
 g - a +0 ring mail
 o - a +0 leather armour of cold resistance
 s - a +0 scale mail (worn)
 t - the -1 pair of boots of the Stone Wall {rPois Regen+ Str-4 Int-2}
   (You found it on level 3 of the Dungeon)

   Str-4:     It affects your strength (-4).
   Int-2:     It affects your intelligence (-2).
   rPois:     It protects you from poison Regen+: It increases your rate of
   health regeneration.
Scrolls
 f - 5 scrolls of identify {unknown}
 h - a scroll of noise {unknown}
 j - 2 scrolls of amnesia {unknown}
 u - a scroll of silence {unknown}
 y - a scroll of teleportation {unknown}
Potions
 i - a potion of ambrosia {unknown}
 m - a potion of haste {unknown}
 n - a potion of heal wounds {unknown}
 p - a potion of brilliance {unknown}
 q - a potion of might {unknown}
 v - a potion of resistance {unknown}
 x - a potion of enlightenment {unknown}
 z - a potion of cancellation {unknown}
 A - a potion of degeneration {unknown}


   Skills:
 - Level 2.0 Fighting
 + Level 5.6 Axes
 - Level 4.1 Throwing
 - Level 2.6 Dodging


You had 5 spell levels left.
You didn't know any spells.
Your spell library contained the following spells:

 Spells                   Type           Power      Damage    Failure   Level
 Cigotuvi's Dreadful Rot  Necr/Alch/Air  0%         N/A       94%         2
 Lesser Beckoning         Tloc           0%         N/A       94%         2
 Gell's Gravitas          Tloc           0%         N/A       99%         3
 Teleport Other           Tloc           0%         N/A       99%         3
 Ignite Poison            Fire/Alch      0%         N/A       100%        4
 Alistair's Intoxication  Alch           0%         N/A       100%        5
 Borgnjor's Vile Clutch   Necr/Erth      0%         N/A       100%        5
 Freezing Cloud           Conj/Ice/Air   0%         6-21      100%        5
 Eringya's Noxious Bog    Alch           0%         4d6       100%        6


Dungeon Overview and Level Annotations

Branches:
Dungeon (3/15)

Altars:
Ru
Zin

Annotations:
D:3 Ijyb


Innate Abilities, Weirdness & Mutations

You can wield a second weapon in your off-hand.
It takes a long time for you to wield or remove held weapons.
Your first few attacks do less damage.
Your first movements take longer.


Message History

You closely miss Ijyb with your +0 flail.
Ijyb barely misses you.
You closely miss Ijyb with your +0 war axe.
Ijyb is heavily wounded.
You sock Ijyb with your +0 flail!
Ijyb zaps a wand.
The roots erupt in riotous growth!
The grasping roots grab you!
Ijyb is unaffected.
The grasping roots constrict you.
* * * LOW HITPOINT WARNING * * *
You take 5 damage, and have 13/44 hp.
You hit Ijyb but do no damage.
Ijyb is severely wounded.
You barely miss Ijyb with your +0 war axe.
Ijyb hits you with a +0 club.
* * * LOW HITPOINT WARNING * * *
The grasping roots constrict you.
* * * LOW HITPOINT WARNING * * *
Ijyb hits you with a +0 club.
* * * LOW HITPOINT WARNING * * *
The grasping roots constrict you.
* * * LOW HITPOINT WARNING * * *
You take 9 damage, and have 4/44 hp.
MASSIVE DAMAGE!!
You closely miss Ijyb with your +0 flail.
Ijyb is severely wounded.
You hit Ijyb but do no damage.
Ijyb screams, "Me wand stronger than you!"
Ijyb hits you but does no damage. The grasping roots constrict you.
* * * LOW HITPOINT WARNING * * *
The grasping roots release their grip on you.
You take 2 damage, and have 2/44 hp.
Okay, then.
Throw: 2 throwing nets
Press: ? - help, Shift-Dir - straight line, f - Ijyb
Aim: Ijyb, wielding a +0 club, wearing a +1 chain mail of cold resistance and carrying a wand of roots (severely wounded, 59% to hit)
You throw a throwing net. The throwing net closely misses Ijyb.
Ijyb zaps a wand.
The roots erupt in riotous growth!
The grasping roots grab you!
Ijyb is unaffected.
The grasping roots constrict you.
You die...
Ijyb screams, "Time for next experiment!"

.#.#.###.#..........#...≈~#....##
#............######.#..≈~.#.....#
#..#.##.........#......≈......≈##
#..#.##..#.####.#.#..........≈≈≈#
#.....#..######+#.#.####..#....##
#.....#..#........#.......#....##
....[.#..#........#######.###...#
......#..#.......)# #...#'###....
......#..#(....g@.# #.#..........
..................###.#..........
......................#..........
.#.#...........$......#.#+###.###
...#..#..#............#.# #...###
.###..#..#........###.#.# #.#....
.# #..# .#........# ....# #.#.###
.. #..# #........# ..### #.#.# .#
#..# ###...... ... #.#.#


You could see Ijyb.

Vanquished Creatures
  A hound (D:3)
  2 orc priests (D:3)
  Terence (D:2)
  Jessica (D:3)
  4 adders (D:2)
  A ribbon worm (D:2)
  A dart slug (D:2)
  5 orcs (D:3)
  2 bats
  5 endoplasms
  2 giant cockroaches
  4 hobgoblins
  4 jackals (D:1)
  4 kobolds
  4 quokkas
  6 ball pythons
  2 frilled lizards
  12 goblins
  12 rats
73 creatures vanquished.

Notes
Turn   | Place    | Note
-------+----------+-------------------------------------------
     0 | D:1      | jasper the Coglin Gladiator began the quest for the Orb.
     0 | D:1      | Reached XP level 1. HP: 16/16 MP: 1/1
    36 | D:1      | Reached XP level 2. HP: 22/22 MP: 2/2
   136 | D:1      | Reached XP level 3. HP: 27/27 MP: 3/3
   676 | D:1      | Reached skill level 4 in Axes
   676 | D:1      | Reached XP level 4. HP: 30/33 MP: 4/4
   904 | D:2      | Found a glowing silver altar of Zin.
  1057 | D:2      | Reached XP level 5. HP: 12/38 MP: 5/5
  1306 | D:2      | Found a faded altar of an unknown god.
  1350 | D:2      | Noticed Terence
  1372 | D:2      | Killed Terence
  1807 | D:3      | Identified the -1 pair of boots of the Stone Wall {rPois
                  | Regen+ Str-4 Int-2}
  2124 | D:3      | Found a sacrificial altar of Ru.
  2133 | D:3      | Noticed Jessica
  2141 | D:3      | Killed Jessica
  2288 | D:3      | Reached skill level 5 in Axes
  2288 | D:3      | Reached XP level 6. HP: 32/44 MP: 6/6
  2632 | D:3      | Noticed Ijyb
  2646 | D:3      | HP: 2/44 [constriction (2)]
  2647 | D:3      | Constricted to death by Ijyb

Illustrated notes

Levels and vault maps discovered:
D:1:      ncdulo_watergridlock, layout_basic
D:2:      kennysheep_the_goblin_king, layout_basic,
          shapermc_ecumenical_altar_pompeii, basic_altar, minmay_pentomino_q2,
          uniq_terence
D:3:      layout_basic, nicolae_ru_sacrificial_ziggurat,
          chequers_serial_rivers_small_b, chequers_serial_rivers_room_a,
          uniq_ijyb, uniq_jessica

Skill      XL: |  1  2  3  4  5 |
---------------+----------------+-----
Throwing       | 2 3 4 |  4.1
Axes           | 4 5 |  5.6
Fighting       | |  2.0
Dodging        | |  2.6

Action                     |  1- 3 |  4- 6 || total
---------------------------+-------+-------++-------
  Melee: War axe           |    60 |    95 ||   155
         Mace              |       |    52 ||    52
         Flail             |       |    46 ||    46
  Throw: Throwing net      |     1 |     1 ||     2
 Armour: Ring mail         |    54 |    53 ||   107
         Leather armour    |     1 |       ||     1
         Scale mail        |       |    32 ||    32
  Dodge: Dodged            |    57 |    75 ||   132

Table legend: (Time is in decaauts)
 A = Elapsed time spent in this place.
 B = Non-inter-level travel time spent in this place.
 C = Inter-level travel time spent in this place.
 D = Time resting spent in this place.
 E = Time spent auto-exploring this place.
 F = Levels seen in this place.
 G = Mean time per level.
                   A        B        C        D        E       F      G
               +--------+--------+--------+--------+--------+-----+--------+
         Total |   2797 |   2741 |     56 |      3 |   2131 |   3 |  932.3 |
       Dungeon |   2797 |   2741 |     56 |      3 |   2131 |   3 |  932.3 |
               +--------+--------+--------+--------+--------+-----+--------+

Top non-repeatable levels by time:
     D:2: 1093 daAuts
     D:3: 917 daAuts
     D:1: 786 daAuts
